 Dungeon Crawl Stone Soup version 0.26.0-45-g9c1d065592 (webtiles) character file.

Game seed: 9128971442113134094

24034 DasRunzen the Corrupter of Planes (level 12, -1/106 HPs)
             Began as a Demonspawn Abyssal Knight on Jan 27, 2021.
             Was the Champion of Lugonu.
             Slain by an ice devil (16 damage)
             ... in an ice cave on Jan 28, 2021.
             The game lasted 00:43:52 (19311 turns).

DasRunzen the Corrupter of Planes (DsAK)           Turns: 19311, Time: 00:43:52

Health: -1/106     AC: 30    Str: 20    XL:     12   Next: 77%
Magic:  21/21      EV: 12    Int: 18    God:    Lugonu [******]
Gold:   1191       SH:  0    Dex: 13    Spells: 11/11 levels left

rFire    . . .     SeeInvis .   C - +12 trident "Worm's Wrath" {drain, *Corrode *Drain rPois rN+++}
rCold    . . .     Faith    +   (no shield)
rNeg     + + +     Spirit   .   A - +0 chain mail "Xesub" {Will+ Str+4 Int+2} (curse)
rPois    +         Reflect  .   H - +1 hat {Int+3}
rElec    .         Harm     .   z - +1 cloak
rCorr    +         Rampage  .   c - +0 pair of gloves "Macajik" {+Inv rPois Dex-2}
Will     ++...                  (boots unavailable)
Stlth    ..........             F - amulet of faith
HPRegen  0.27/turn              w - +4 ring of protection
MPRegen  0.17/turn              y - ring of resist corrosion

@: sanguine armour
A: talons 3, strong-willed 1, powered by pain 2, robust 1, shaggy fur 1, spiny
2, sanguine armour 2
a: Renounce Religion, Evoke Invisibility, Depart the Abyss, Bend Space, Banish,
Corrupt, Enter the Abyss, Brand Weapon With Distortion


You were in an ice cave.
You worshipped Lugonu.
Lugonu was exalted by your worship.
You visited 2 branches of the dungeon, and saw 14 of its levels.
You visited the Abyss 1 time.
You also visited: Sewer, Ossuary, Gauntlet and Ice Cave.

You collected 1191 gold pieces.

Inventory:

Hand Weapons
 x - the cursed +13 scythe of Curses {drain, *Curse}
   (You took it off a minotaur in a Gauntlet)

   A truly terrible weapon, it drains the life of those it strikes.
   It curses itself when equipped.
   It has a curse placed upon it.
 C - the +12 trident "Worm's Wrath" (weapon) {drain, *Corrode *Drain rPois rN+++}
   (You found it in a Gauntlet)

   A truly terrible weapon, it drains the life of those it strikes.
   It protects you from poison.
   It renders you almost immune to negative energy.
   It may corrode you when you take damage.
   It causes draining when unequipped.
 G - the +8 demon blade "Leech" {vamp, *Rage +Rage rN+}
   (You found it on level 2 of the Lair of Beasts)

   It inflicts no extra harm, but heals its wielder when it wounds a living foe.
   It protects you from negative energy.
   It lets you go berserk.
   It may make you go berserk in combat.
Armour
 c - the +0 pair of gloves "Macajik" (worn) {+Inv rPois Dex-2}
   (You found it in a Gauntlet)

   It affects your dexterity (-2).
   It protects you from poison.
   It lets you turn invisible.
 z - a +1 cloak (worn)
 A - the cursed +0 chain mail "Xesub" (worn) {Will+ Str+4 Int+2}
   (You found it on level 8 of the Dungeon)

   It affects your strength (+4).
   It affects your intelligence (+2).
   It affects your willpower, your defense against some magical effects.
   It has a curse placed upon it.
 H - a +1 hat of intelligence (worn)
Jewellery
 d - a +4 ring of protection
 g - an uncursed amulet of magic regeneration
 j - an uncursed ring of wizardry
 s - an uncursed ring of positive energy
 w - a +4 ring of protection (left hand)
 y - a ring of resist corrosion (right hand)
 B - an uncursed amulet of guardian spirit
 D - an uncursed ring of stealth {unknown}
 F - an amulet of faith (around neck)
 I - an uncursed ring of positive energy
 K - a cursed -4 ring of protection
Wands
 t - a wand of digging (13)
 v - a wand of paralysis (26)
 E - a wand of acid (13)
 J - a wand of polymorph (11)
 L - a wand of iceblast (4)
Scrolls
 a - a scroll of identify
 b - a scroll of fear
 e - 10 scrolls of remove curse
 h - 2 scrolls of blinking
 m - 3 scrolls of amnesia
 p - 4 scrolls of fog
 r - 8 scrolls of teleportation
Potions
 f - 4 potions of brilliance
 i - 2 potions of invisibility
 k - 4 potions of curing
 l - 6 potions of haste
 n - 2 potions of might
 o - 2 potions of heal wounds
 q - 3 potions of flight
 u - a potion of resistance


   Skills:
 + Level 10.0 Fighting
 * Level 5.0 Long Blades
 - Level 8.2 Polearms
 + Level 9.0 Armour
 + Level 8.8 Dodging
 + Level 12.4 Invocations
 + Level 2.3 Evocations


You had 11 spell levels left.
You didn't know any spells.
Your spell library contained the following spells:

 Spells                   Type           Power        Failure   Level
 Beastly Appendage        Tmut           0%           86%         1
 Sting                    Tmut/Pois      0%           86%         1
 Poisonous Vapours        Pois/Air       0%           94%         2
 Wereblood                Tmut           0%           94%         2
 Dazzling Flash           Conj/Hex       0%           99%         3
 Ignite Poison            Fire/Tmut/Pois 0%           99%         3
 Mephitic Cloud           Conj/Pois/Air  0%           99%         3
 Spider Form              Tmut/Pois      0%           99%         3
 Fulminant Prism          Conj/Hex       0%           100%        4
 Ice Form                 Ice/Tmut       0%           100%        4
 Iskenderun's Mystic Bla  Conj/Tloc      0%           100%        4
 Olgreb's Toxic Radiance  Pois           0%           100%        4
 Alistair's Intoxication  Tmut/Pois      0%           100%        5
 Blade Hands              Tmut           0%           100%        5
 Fireball                 Conj/Fire      0%           100%        5
 Conjure Ball Lightning   Conj/Air       0%           100%        6
 Eringya's Noxious Bog    Tmut/Pois      0%           100%        6
 Spellforged Servitor     Conj/Summ      0%           100%        7
 Ignition                 Fire           0%           100%        8


Dungeon Overview and Level Annotations

Branches:
Dungeon (10/15)            Temple (0/1) D:4            Lair (4/6) D:9
 Shoals (0/4) Lair:4        Sewer (visited)         Ossuary (visited)
  IceCv (1/1)             Gauntlet (visited)
  Snake: Lair:2-4    Spider: Lair:2-4       Orc: D:9-12

Altars:
Ashenzari
Cheibriados
Dithmenos
Elyvilon
Fedhas
Kikubaaqudgha
Okawaru
Qazlal
Ru
Sif Muna
Uskayaw
Xom
Yredelemnul
The Shining One

Shops:
D:8 =   D:9 *

Annotations:
D:8 2 transporters


Innate Abilities, Weirdness & Mutations

You have claws for feet.
You sometimes gain power by taking damage.
You are mostly covered in sharp spines.
When seriously injured, your bleeding wounds create thick armour. (AC +9)
You are strong-willed. (Will+)
You are robust. (+10% HP)
You are covered in fur. (AC +1)


Message History

Unknown command.
You hit the ice devil.
You claw the ice devil, but do no damage.
The ice devil is heavily wounded.
The ice devil is struck by your spines. The ice devil closely misses you.
You hit the ice devil.
The ice devil is severely wounded.
The ice devil barely misses you.
Your chain mail "Xesub" prevents you from hitting the ice devil.
The ice devil is severely wounded.
The ice devil hits you!
* * * LOW HITPOINT WARNING * * *
The ice devil freezes you!
* * * LOW HITPOINT WARNING * * *
Unknown command.
You feel much better. The ice devil is struck by your spines.
The ice devil hits you.
* * * LOW HITPOINT WARNING * * *
The ice devil freezes you!
You die...

##.....##
#...∩...#
#...∩...#
##.....##
##...## #...##
##...# ##...#
#..@## #.4.#
#.....#
.........
............
#.............#
...............
...............


You could see an ice devil.

Vanquished Creatures
  A minotaur (Gauntlet)
  A hydra (Lair:1)
  A catoblepas (Gauntlet)
  Pikel (D:4)
  An oklob plant (Lair:1)
  2 black mambas (Lair:4)
  3 gargoyles
  2 molten gargoyles (Gauntlet)
  5 cane toads
  A rime drake (Lair:2)
  4 komodo dragons
  2 ice devils (IceCv)
  A troll (D:8)
  2 hornets (Gauntlet)
  A raiju (Gauntlet)
  9 blink frogs
  15 yaks
  2 wraiths (D:10)
  A wyvern (Lair:4)
  2 vampires
  2 basilisks
  A steam dragon (Gauntlet)
  4 water moccasins
  Duvessa (D:4)
  2 orc warriors
  A hornet zombie (D:7)
  4 sky beasts
  An eye of draining (D:10)
  14 ice beasts
  A black bear (D:8)
  8 ogres
  2 phantoms
  15 wolves
  5 centaurs
  An elf zombie (Ossuary)
  5 big kobolds
  19 bullfrogs
  Dowan (D:4)
  6 killer bees
  4 scorpions
  A wight (D:8)
  5 electric eels
  A howler monkey (D:8)
  A centaur zombie (D:6)
  A bullfrog zombie (D:5)
  A jelly (D:10)
  3 bullfrog skeletons
  3 centaur skeletons
  10 hounds
  2 human zombies (Ossuary)
  6 orc priests
  4 orc wizards
  Crazy Yiuf (D:7)
  Terence (D:3)
  8 iguanas
  14 hell rats
  7 worker ants
  A killer bee zombie (D:7)
  A hound zombie (D:6)
  A hound skeleton (D:5)
  2 mummies (Ossuary)
  11 gnolls
  19 adders
  14 river rats (Lair:3)
  A shadow imp (D:5)
  3 white imps
  7 ufetubi
  An ooze (D:5)
  An adder skeleton (D:9)
  3 adder zombies
  5 worms
  A dart slug (D:2)
  5 leopard geckos
  38 orcs
  6 ball pythons
  3 giant cockroaches
  4 goblins
  6 hobgoblins
  10 jackals
  18 kobolds
  9 quokkas
  8 bats
  9 frilled lizards
  3 goblin zombies
  13 hobgoblin zombies (Ossuary)
  A jackal zombie (D:7)
  10 kobold zombies (Ossuary)
  5 orc zombies (Ossuary)
  A quokka zombie (D:4)
  21 rats
  2 rat zombies (Ossuary)
466 creatures vanquished.

Vanquished Creatures (others)
  A gargoyle (Gauntlet)
  A kobold (D:9)
  5 demonic plants (Gauntlet)
  14 fungi
  26 plants
47 creatures vanquished.

Grand Total: 513 creatures vanquished

Notes
Turn   | Place    | Note
-------+----------+-------------------------------------------
     0 | Abyss:1  | DasRunzen the Demonspawn Abyssal Knight began the quest for
                  | the Orb.
     0 | Abyss:1  | Reached XP level 1. HP: 18/18 MP: 2/2
    77 | Abyss:1  | Noticed a large abomination
    80 | D:1      | Escaped the Abyss
   182 | D:1      | Reached skill level 1 in Dodging
   355 | D:1      | Reached * piety under Lugonu
   356 | D:1      | Gained mutation: When seriously injured, your bleeding
                  | wounds create armour. (AC +9) [demonic ancestry]
   356 | D:1      | Reached XP level 2. HP: 13/24 MP: 4/4
  1028 | D:2      | Found an iron altar of Okawaru.
  1077 | D:2      | Reached skill level 3 in Invocations
  1080 | D:2      | Gained mutation: You are partially covered in sharp spines.
                  | [demonic ancestry]
  1080 | D:2      | Reached XP level 3. HP: 29/29 MP: 5/5
  1996 | D:3      | Gained mutation: You sometimes gain a little power by
                  | taking damage. [demonic ancestry]
  1996 | D:3      | Reached XP level 4. HP: 35/35 MP: 6/6
  2031 | D:3      | Noticed Terence
  2054 | D:3      | Killed Terence
  2054 | D:3      | Reached ** piety under Lugonu
  2095 | D:3      | Found a basalt altar of Yredelemnul.
  2137 | D:3      | Found a glowing drain.
  2168 | Sewer    | Entered a sewer
  2264 | Sewer    | Noticed a big kobold
  2265 | Sewer    | Noticed a big kobold
  2292 | Sewer    | Killed a big kobold
  2293 | Sewer    | Reached skill level 4 in Invocations
  2293 | Sewer    | Reached XP level 5. HP: 41/42 MP: 6/8
  2317 | Sewer    | Reached XP level 6. HP: 48/48 MP: 9/9
  3148 | D:3      | Reached *** piety under Lugonu
  3787 | D:4      | Noticed Duvessa
  3787 | D:4      | Noticed Dowan
  3949 | D:4      | Killed Duvessa
  3950 | D:4      | Reached skill level 5 in Invocations
  3950 | D:4      | Gained mutation: You have sharp toenails. [demonic
                  | ancestry]
  3950 | D:4      | Reached XP level 7. HP: 55/55 MP: 10/10
  4011 | D:4      | Found a sand-covered staircase.
  4025 | Ossuary  | Entered an ossuary
  4134 | Ossuary  | Reached **** piety under Lugonu
  4550 | D:4      | Reached skill level 5 in Fighting
  4643 | D:4      | Gained mutation: You have razor-sharp toenails. [demonic
                  | ancestry]
  4643 | D:4      | Reached XP level 8. HP: 49/62 MP: 12/12
  4765 | D:4      | Reached skill level 6 in Invocations
  4863 | D:4      | Killed Dowan
  4893 | D:4      | Found an iron altar of Okawaru.
  4898 | D:4      | Found a white marble altar of Elyvilon.
  4993 | D:4      | Noticed Pikel
  5017 | D:4      | Killed Pikel
  5018 | D:4      | Reached skill level 7 in Invocations
  5230 | D:4      | Found a staircase to the Ecumenical Temple.
  5383 | D:5      | Entered Level 5 of the Dungeon
  5393 | D:5      | Reached ***** piety under Lugonu
  5418 | D:5      | Found a hide-covered altar of Uskayaw.
  5447 | D:5      | Reached skill level 5 in Polearms
  5474 | D:5      | Reached skill level 5 in Armour
  5559 | D:5      | Gained mutation: You are mostly covered in sharp spines.
                  | [demonic ancestry]
  5559 | D:5      | Reached XP level 9. HP: 40/69 MP: 14/14
  6284 | D:5      | Gained mutation: You are covered in fur. (AC +1) [potion of
                  | mutation]
  6284 | D:5      | Gained mutation: You are strong-willed. (Will+) [potion of
                  | mutation]
  6284 | D:5      | Gained mutation: You are robust. (+10% HP) [potion of
                  | mutation]
  6431 | D:6      | Reached skill level 5 in Dodging
  7575 | D:7      | Reached skill level 8 in Invocations
  8260 | D:7      | Found a shimmering blue altar of Sif Muna.
  8733 | D:7      | Found a runed translucent door.
  8734 | D:7      | Noticed Crazy Yiuf
  8748 | D:7      | Killed Crazy Yiuf
  9031 | D:8      | Gained mutation: When seriously injured, your bleeding
                  | wounds create thick armour. (AC +9) [demonic ancestry]
  9031 | D:8      | Reached XP level 10. HP: 31/86 MP: 16/16
  9265 | D:8      | Found a broken altar of Ashenzari.
  9265 | D:8      | Found a sacrificial altar of Ru.
  9288 | D:8      | Found a transporter.
  9311 | D:8      | Found a transporter.
  9311 | D:8      | Found an ancient bone altar of Kikubaaqudgha.
  9315 | D:8      | Noticed a flayed ghost
  9381 | D:8      | Found a basalt altar of Yredelemnul.
  9386 | D:8      | Got a faintly humming chain mail
  9397 | D:8      | Identified the cursed +0 chain mail "Xesub" {Will+ Str+4
                  | Int+2} (You found it on level 8 of the Dungeon)
  9487 | D:8      | Reached skill level 9 in Invocations
  9844 | D:8      | Found a blossoming altar of Fedhas.
  9995 | D:8      | Found Ubatum's Jewellery Shop.
 10998 | D:9      | Found Gitothrie's Assorted Antiques.
 10998 | D:9      | Found a shimmering altar of Xom.
 11020 | D:9      | Found a shadowy altar of Dithmenos.
 11173 | D:9      | Found a glowing golden altar of the Shining One.
 11212 | D:9      | Found a snail-covered altar of Cheibriados.
 11498 | D:9      | Found a staircase to the Lair.
 11932 | D:10     | Entered Level 10 of the Dungeon
 11972 | D:10     | Reached skill level 10 in Invocations
 12044 | D:10     | Reached ****** piety under Lugonu
 12189 | D:10     | Noticed a gargoyle
 12206 | D:10     | Killed a gargoyle
 12471 | D:10     | Gained mutation: You have claws for feet. [demonic
                  | ancestry]
 12471 | D:10     | Reached XP level 11. HP: 26/94 MP: 18/18
 12778 | D:10     | Found a stormy altar of Qazlal.
 13402 | Lair:1   | Entered Level 1 of the Lair of Beasts
 13974 | Lair:1   | Found a blossoming altar of Fedhas.
 13975 | Lair:1   | Noticed an oklob plant
 14017 | Lair:1   | Killed an oklob plant
 14360 | Lair:1   | Noticed a four-headed hydra
 14372 | Lair:1   | Killed a four-headed hydra
 15182 | Lair:2   | Reached skill level 11 in Invocations
 15883 | Lair:2   | Found the +8 demon blade "Leech" {vamp, *Rage +Rage rN+}
 16399 | Lair:2   | Reached skill level 1 in Long Blades
 16535 | Lair:2   | Gained mutation: You sometimes gain power by taking damage.
                  | [demonic ancestry]
 16535 | Lair:2   | Reached XP level 12. HP: 33/104 MP: 20/20
 16925 | Lair:3   | Found a gate leading to a gauntlet.
 16934 | Gauntlet | Entered a Gauntlet
 16934 | Gauntlet | Found a transporter.
 17027 | Gauntlet | Found a large runed translucent door.
 17146 | Gauntlet | Found a large runed translucent door.
 17147 | Gauntlet | Found a large runed translucent door.
 17147 | Gauntlet | Found a large runed translucent door.
 17147 | Gauntlet | Found a runed translucent door.
 17148 | Gauntlet | Found a large runed translucent door.
 17149 | Gauntlet | Found a large runed translucent door.
 17152 | Gauntlet | Found a large runed translucent door.
 17152 | Gauntlet | Found a large runed translucent door.
 17152 | Gauntlet | Found a runed translucent door.
 17153 | Gauntlet | Found a large runed translucent door.
 17153 | Gauntlet | Found a large runed translucent door.
 17153 | Gauntlet | Found a large runed translucent door.
 17153 | Gauntlet | Found a large runed translucent door.
 17154 | Gauntlet | Found a large runed translucent door.
 17154 | Gauntlet | Found a large runed translucent door.
 17155 | Gauntlet | Found a large runed translucent door.
 17155 | Gauntlet | Found a transporter.
 17155 | Gauntlet | Found a large runed translucent door.
 17157 | Gauntlet | Found a transporter.
 17159 | Gauntlet | Found a transporter.
 17172 | Gauntlet | Found a runed translucent gate.
 17172 | Gauntlet | Found a runed translucent gate.
 17172 | Gauntlet | Found a runed translucent gate.
 17174 | Gauntlet | Found a transporter.
 17189 | Gauntlet | Found a transporter.
 17193 | Gauntlet | Noticed a death scarab
 17194 | Gauntlet | Found a transporter.
 17208 | Gauntlet | Noticed a death scarab
 17219 | Gauntlet | Found a transporter.
 17228 | Gauntlet | Noticed a death yak
 17228 | Gauntlet | Noticed a death yak
 17229 | Gauntlet | Noticed a death yak
 17229 | Gauntlet | Noticed a death yak
 17230 | Gauntlet | Noticed a death yak
 17230 | Gauntlet | Noticed a death yak
 17232 | Gauntlet | Found a transporter.
 17252 | Gauntlet | Found a transporter.
 17264 | Gauntlet | Found a transporter.
 17276 | Gauntlet | Found a transporter.
 17280 | Gauntlet | Noticed a catoblepas
 17288 | Gauntlet | Found a transporter.
 17319 | Gauntlet | Found a transporter.
 17319 | Gauntlet | Found a transporter.
 17362 | Gauntlet | Found a transporter.
 17482 | Gauntlet | Found a transporter.
 17608 | Gauntlet | Found a transporter.
 17660 | Gauntlet | HP: 1/105 [catoblepas (22)]
 17662 | Gauntlet | Killed a catoblepas
 17663 | Gauntlet | Reached skill level 12 in Invocations
 17681 | Gauntlet | Got a pair of fine gloves
 17687 | Gauntlet | Identified the +0 pair of gloves "Macajik" {+Inv rPois
                  | Dex-2} (You found it in a Gauntlet)
 17935 | Gauntlet | Identified the +2 ring mail "Hodol" {rPois rC+++ Will-
                  | rCorr}
 17935 | Gauntlet | Noticed a minotaur
 17957 | Gauntlet | Killed a minotaur
 17971 | Gauntlet | Identified the Collected Works on Harmful Fire
 17973 | Gauntlet | Got a jewelled trident
 17975 | Gauntlet | Identified Utoekli's Papyrus of Flamy Toxins
 18206 | Lair:3   | Identified the +12 trident "Worm's Wrath" {drain, *Corrode
                  | *Drain rPois rN+++} (You found it in a Gauntlet)
 18307 | Lair:3   | Reached skill level 1 in Evocations
 19050 | Lair:4   | Found a staircase to the Shoals.
 19143 | Lair:4   | Reached skill level 10 in Fighting
 19143 | Lair:4   | Found a frozen archway.
 19168 | IceCv    | Entered an ice cave
 19307 | IceCv    | Reached skill level 5 in Long Blades
 19310 | IceCv    | HP: 1/106 [ice devil (9)]
 19311 | IceCv    | Slain by an ice devil

Illustrated notes

Levels and vault maps discovered:
D:1:      dpeg_arrival_shrine, layout_loops_ring, minmay_shallow_snake_nest
D:2:      kennysheep_big_flooded_room, layout_loops_ring, okawaru_gym_becter
D:3:      layout_loops_ring, cheibrodos_sewer_entry_sluice,
          yredelemnul_altar_generic, uniq_terence
D:4:      minmay_door_path, layout_basic, gammafunk_temple_overflow_pools,
          enter_ossuary_4, chequers_serial_rivers_micro_e, uniq_duvessa,
          uniq_pikel
D:5:      layout_basic, lemuel_doored_altar
D:6:      minmay_general_purpose_star, layout_loops_ring, minmay_diced_spiral
D:7:      layout_basic, led_sif_pool, minmay_bent, uniq_crazy_yiuf_cottage
D:8:      layout_cave_pools, gammafunk_temple_of_torment,
          chequers_temple_overflow_statue_of_worship, kennysheep_mini,
          serial_shops, kennysheep_mini_moat, serial_bayou,
          serial_bayou_shore_a, serial_bayou_pond_b, serial_bayou_pond_e,
          serial_bayou_lagoon_a
D:9:      layout_roguey, overflow_temple_1_default, cheibriados_altar_1,
          nicolae_dithmenos_through_a_glass_darkly, lemuel_crystal_altar,
          erik_lair_island, serial_shops, shop, dk_noncrumbling_4
D:10:     minmay_goldmine, layout_cave_pools, grunt_qazlal_clouds
Lair:1:   layout_cave_pods, lemuel_oklob_altar
Lair:2:   layout_cave_pods, chequers_serial_rivers_micro_e
Lair:3:   lemuel_ratsnest, layout_hall_layers, gauntlet_entry_generic,
          grunt_megastairs_2, infiniplex_staircase_pool, lemuel_fruit_fields
Lair:4:   layout_cave_pods, elwin_shoals_entry_rocks,
          spider_nest_entry_funnel_web, portal_ice_cave_entry_ice_beasts
IceCv:    ice_cave_tombish

Skill      XL: |  1  2  3  4  5  6  7  8  9 10 11 12 |
---------------+-------------------------------------+-----
Dodging        | 1 2 3 4 5 7 8 |  8.8
Polearms       | 2 3 4 5 6 7 8 |  8.2
Armour         | 2 3 4 5 6 7 8 9 |  9.0
Invocations    | 3 4 5 7 8 10 11 12 | 12.4
Fighting       | 4 5 6 7 8 9 10 | 10.0
Long Blades    | 1 5 |  5.0
Evocations     | 2 |  2.3

Action                   |  1- 3 |  4- 6 |  7- 9 | 10-12 || total
-------------------------+-------+-------+-------+-------++-------
Melee: Spear             |   108 |   237 |   623 |   704 ||  1672
       Kick              |       |       |   105 |   173 ||   278
       Trident           |       |       |       |   125 ||   125
       Demon blade       |       |       |       |    18 ||    18
Invok: Depart the Abyss  |     1 |       |       |       ||     1
  Use: Scroll            |     4 |     7 |     8 |    12 ||    31
       Potion            |       |       |     1 |     7 ||     8
 Stab: Sleeping          |     2 |       |     7 |       ||     9
       Invisible         |       |       |       |     2 ||     2
Armor: Leather armour    |    15 |    38 |    45 |       ||    98
       Plate armour      |       |       |   121 |     5 ||   126
       Chain mail        |       |       |       |   295 ||   295
Dodge: Dodged            |    53 |    95 |   173 |   333 ||   654
       Rpst.: Demon blade |       |       |       |     1 ||     1
